 Dungeon Crawl Stone Soup version 0.30-a0-465-g8901f6c8b5 (webtiles) character file.

Game seed: 9731649116249660997

23 drugrobin the Sneak (level 2, 0/25 HPs)
             Began as a Demigod Delver on Dec 18, 2022.
             Slain by a quokka (3 damage)
             ... on level 2 of the Dungeon.
             The game lasted 00:02:35 (377 turns).

drugrobin the Sneak (Demigod Delver)                 Turns: 377, Time: 00:02:36

Health: 0/25       AC:  3    Str: 13    XL:     2   Next: 54%
Magic:  4/4        EV: 11    Int: 12    God:
Gold:   20         SH:  0    Dex: 15    Spells: 1/1 levels left

rFire   . . .      SeeInvis .      - Unarmed
rCold   . . .      Faith    .    (no shield)
rNeg    . . .      Spirit   .    a - +0 leather armour
rPois   .          Reflect  .    (no helmet)
rElec   .          Harm     .    (no cloak)
rCorr   .          Rampage  .    (no gloves)
Will    .....                    (no boots)
Stlth   +++.......               (no amulet)
HPRegen 0.24/turn                (no ring)
MPRegen 0.09/turn                (no ring)

@: hasted, very quick
A: high MP 1, forlorn, divine attributes
a: no special abilities


You were on level 2 of the Dungeon.
You visited 1 branch of the dungeon, and saw 4 of its levels.

You collected 20 gold pieces.

Inventory:

Missiles
 h - 2 poisoned darts (quivered)
Armour
 a - a +0 leather armour (worn)
Wands
 f - a wand of digging (3)
Scrolls
 b - a scroll of fog
 c - a scroll of magic mapping


   Skills:
 - Level 2.6 Fighting
 - Level 1.7 Dodging
 - Level 4.5 Stealth
 * Level 3.0 Unarmed Combat


You had one spell level left.
You didn't know any spells.
Your spell library contained the following spells:

 Spells                   Type           Power      Damage    Failure   Level
 Dazzling Flash           Conj/Hex       0%         N/A       77%         3
 Iskenderun's Mystic Bla  Conj/Tloc      0%         2d3       99%         4
 Starburst                Conj/Fire      0%         6d3       100%        6


Dungeon Overview and Level Annotations

Branches:
Dungeon (5/15)
 Temple: D:4-7

Annotations:
D:3 Ijyb


Innate Abilities, Weirdness & Mutations

You have an increased reservoir of magic. (+10% MP)
You shall have no god before yourself.
Your divine heritage dramatically boosts your attributes as you level up.


Message History

You kill the frilled lizard!
The endoplasm freezes you.
You are frozen.
* * * LOW HITPOINT WARNING * * *
Unknown command.
Unknown command.
You hit the endoplasm.
The endoplasm is severely wounded.
The endoplasm quivers.
The endoplasm misses you.
Unknown command.
Unknown command.
You hit the endoplasm.
You kill the endoplasm!
Unknown command.
You feel better.
Unknown command.
Unknown command.
Unknown command.
The quokka bites you.
* * * LOW HITPOINT WARNING * * *
Unknown command.
Unknown command.
You closely miss the quokka. The quokka closely misses you.
Unknown command.
You barely miss the quokka. The quokka bites you.
* * * LOW HITPOINT WARNING * * *
Unknown command.
Unknown command.
As you read the scroll labelled WYTUSM ZAXOOKK, it crumbles to dust.
It is a scroll of identify.
You don't have any unidentified items.
The quokka misses you. The endoplasm freezes you.
You are frozen.
* * * LOW HITPOINT WARNING * * *
Unknown command.
Unknown command.
You feel yourself speed up. The quokka bites you.
You die...

♣..♣
♣..♣
♣..♣
♣..♣
♣..♣
♣..♣
♣r.♣
♣♣@.♣
♣J##.♣
♣.# ♣
♣♣? J.
..♣
..♣
..♣
.?♣


You could see an endoplasm and a quokka.

Vanquished Creatures
  An adder (D:3)
  2 dart slugs (D:3)
  An endoplasm (D:2)
  A goblin (D:3)
  2 hobgoblins (D:3)
  A quokka (D:3)
  A frilled lizard (D:2)
  A kobold (D:3)
10 creatures vanquished.

Notes
Turn   | Place    | Note
-------+----------+-------------------------------------------
     0 | D:5      | drugrobin the Demigod Delver began the quest for the Orb.
     0 | D:5      | Reached XP level 1. HP: 18/18 MP: 3/3
    16 | D:5      | Noticed a scorpion
   229 | D:3      | Reached XP level 2. HP: 22/25 MP: 4/4
   332 | D:3      | Noticed Ijyb
   377 | D:2      | Slain by a quokka

Illustrated notes

Levels and vault maps discovered:
D:2:      kennysheep_big_flooded_room, layout_rooms, due_unseen_surprise
D:3:      layout_basic, mainiacjoe_overflow_boulevard, minmay_door_square,
          uniq_ijyb, uniq_natasha, uniq_crazy_yiuf_cottage
D:4:      layout_loops_ring, general_overflow_altar, minmay_temple_entry_grid,
          uniq_edmund, uniq_pikel, uniq_eustachio, uniq_blork_the_orc
D:5:      layout_basic, minivault_24, nicolae_eternal_life,
          amcnicky_altar_lugonu_corruption

Skill      XL: |  1  2 |
---------------+-------+-----
Unarmed Combat | 2 3 |  3.0
Fighting       | |  2.6
Dodging        | |  1.7
Stealth        | |  4.5

Action                   || total
-------------------------++-------
Melee: Unarmed           ||    47
  Use: Scroll            ||     2
       Potion            ||     2
 Stab: Sleeping          ||     2
Armor: Leather armour    ||    13
Dodge: Dodged            ||    27

Table legend: (Time is in decaauts)
 A = Elapsed time spent in this place.
 B = Non-inter-level travel time spent in this place.
 C = Inter-level travel time spent in this place.
 D = Time resting spent in this place.
 E = Time spent auto-exploring this place.
 F = Levels seen in this place.
 G = Mean time per level.
                   A        B        C        D        E       F      G
               +--------+--------+--------+--------+--------+-----+--------+
         Total |    374 |    374 |      0 |      0 |    224 |   4 |   93.5 |
       Dungeon |    374 |    374 |      0 |      0 |    224 |   4 |   93.5 |
               +--------+--------+--------+--------+--------+-----+--------+

Top non-repeatable levels by time:
     D:3: 321 daAuts
     D:5: 32 daAuts
     D:2: 12 daAuts
     D:4: 8 daAuts
